[Event "FIDE WY-U16 Olympiad 2022"]
[Site "Nakhchivan"]
[Date "2022.10.04"]
[Round "3.2"]
[White "Batista Rosas, Nicolas Arturo"]
[Black "Zhakshylykov, Erzhan"]
[Result "0-1"]
[ECO "D86"]
[WhiteElo "1941"]
[BlackElo "2260"]
[Annotator "TA"]
[PlyCount "92"]
[EventDate "2022.10.02"]
[EventType "team-tourn"]
[EventCountry "AZE"]
[SourceTitle "playchess.com"]
[Source "ChessBase"]
[SourceQuality "1"]
[WhiteTeam "Panama"]
[BlackTeam "Kyrgyzstan"]
[WhiteTeamCountry "PAN"]
[BlackTeamCountry "KGZ"]
[TimeControl "40/5400+30:1800+30"]

1. d4 Nf6 2. c4 g6 3. Nc3 d5 4. cxd5 Nxd5 5. e4 Nxc3 6. bxc3 Bg7 7. Bc4 c5 8. Ne2 Nc6 9. Be3 O-O 10. O-O Bg4 11. f3 Bd7 {[%emt 0:00:06] is cutting edge theory.} 12. Rb1 Qc7 13. Qd2 {[%emt 0:10:10] D87: Exchange Grünfeld: Classical Line: Variations without ...cxd4.} Rfd8 {[%emt 0:37:56][%cal Oc6d4] [#]} 14. a3 $146 ({Predecessor:} 14. Bd5 e6 15. Bxc6 Bxc6 16. Rb3 b5 17. Bh6 Bxh6 18. Qxh6 b4 19. Rc1 Ba4 20. Rb2 cxd4 21. cxd4 {½-½ (60) Duda,J (2743)-Shankland,S (2691) chess24.com INT 2021}) 14... Be8 15. Rfc1 {[%emt 0:13:01] The position is equal.} Na5 16. Ba2 b5 17. Nf4 c4 18. Nd5 Qd7 19. Bg5 f6 20. Bh4 Bf7 21. Ne3 a6 22. f4 (22. Qb2 $11) 22... Qd6 $15 23. Qf2 Qxa3 24. e5 Nb3 {[%emt 0:00:10] Prevents Ra1.} 25. Rd1 {[%emt 0:01:47] [#]} Qa5 $1 {[%emt 0:00:35] Black is more active.} 26. exf6 (26. Qc2 $17) 26... exf6 $19 27. Ng4 Rd6 ({Not} 27... Qxc3 28. Bxb3 cxb3 29. Bxf6 $17) 28. f5 g5 29. Bg3 Rdd8 {[%emt 0:01:10] aiming for ...h5.} 30. Qc2 h5 31. Ne3 Re8 32. Re1 Rad8 33. Nf1 Bd5 (33... h4 $19 34. Rxe8+ Rxe8) 34. Bf2 (34. Ne3 $17 Bf7 35. Bf2) 34... h4 35. Nd2 $2 (35. Ne3 Bf7 36. Qb2) 35... Nxd2 36. Qxd2 Qc7 37. Ra1 Qc6 38. Be3 Re7 39. Bf2 (39. Bb1 {was necessary.}) 39... Rde8 40. Rxe7 Rxe7 41. Be3 Qe8 42. Re1 g4 {[%emt 0:00:00][%cal Og7h6] Threatens to win with ...Bh6!} 43. Kf2 {[%emt 0:00:00] [#]} Be4 (43... Bh6 $142 $1 {[%cal Og4g3][%mdl 512] Hoping for ...g3+!} 44. Bxh6 Rxe1) 44. Bb1 (44. Bf4 $142 Bxf5 45. Bb1 Bxb1 46. Rxb1) 44... g3+ 45. hxg3 hxg3+ 46. Ke2 Bxb1 {[%emt 0:00:00] Weighted Error Value: White=0.71/Black=0.29 (precise)} (46... Qh5+ $142 47. Kf1 Bxb1 48. Rxb1 Qxf5+ 49. Ke2 Qxb1 50. Kf3 Qe4+ 51. Kxg3 Qxe3+ 52. Qxe3 Rxe3+ 53. Kf4 Rxc3 54. g4 Rd3 55. Ke4 b4 56. Kd5 c3 57. Ke4 c2 58. Kxd3 c1=Q 59. d5 b3 60. d6 b2 61. Ke2 b1=Q 62. Kf3 Qd3+ 63. Kg2 Qcf1+ 64. Kh2 Qxd6#) 0-1

[Event "FIDE WY-U16 Olympiad 2022"]
[Site "Nakhchivan"]
[Date "2022.10.04"]
[Round "3.3"]
[White "Ozkan, Taha"]
[Black "Rakhmatullaev, Almas"]
[Result "1-0"]
[ECO "E62"]
[WhiteElo "2299"]
[BlackElo "2321"]
[Annotator "TA"]
[PlyCount "117"]
[EventDate "2022.10.02"]
[EventType "team-tourn"]
[EventCountry "AZE"]
[SourceTitle "playchess.com"]
[Source "ChessBase"]
[SourceQuality "1"]
[WhiteTeam "Turkey"]
[WhiteTeamCountry "TUR"]
[TimeControl "40/5400+30:1800+30"]

1. d4 Nf6 2. c4 g6 3. Nc3 Bg7 4. g3 O-O 5. Bg2 d6 6. Nf3 Bf5 7. Nh4 Bc8 8. Nf3 Bf5 9. Nh4 Bc8 10. O-O c6 11. Nf3 Bf5 12. Ne1 e5 13. dxe5 {[%emt 0:07:20] E62: King's Indian: Fianchetto: 6...c6 and Panno Variation (6...Nc6) without ...a6.} dxe5 14. Qb3 Qc7 {[%emt 0:04:26] [#]} 15. h3 $146 {[%emt 0:02:58] The position is equal.} ({Predecessor:} 15. Nd3 Bxd3 16. exd3 Rd8 17. Be3 Na6 18. Rac1 Ng4 19. Ne4 Nxe3 20. fxe3 Bh6 21. Rf3 f5 22. c5+ Qf7 23. Rc4 Qe6 24. Bh3 Rd7 25. g4 fxe4 {1-0 (51) Contin,D (2366)-Siccardi,P (2055) Buenos Aires 2013}) 15... Na6 16. Be3 Rfd8 17. Rc1 Nd7 18. g4 Be6 19. Ne4 (19. Nd5 $11 Qb8 20. Ne7+ Kh8 21. Qa3) 19... h6 (19... f5 $17 20. gxf5 gxf5) 20. g5 hxg5 21. Nxg5 Nf8 ({Black should play} 21... Bf5 $17) 22. Nxe6 ({Better is} 22. Nef3 $15) 22... Nxe6 $17 23. Nf3 Qe7 24. Rfd1 (24. h4 $142) 24... e4 25. Ne1 f5 {[%emt 0:01:32][%cal Bf7f5,Bf5f4][%mdl 32] And now ...f4 would win.} 26. c5 (26. Rxd8+ $17 Rxd8 27. Rd1) 26... Kh7 $19 27. h4 f4 (27... Nexc5 28. Qa3 $17) 28. Bd2 Nd4 (28... Nexc5 $2 29. Qc2) 29. Qc4 Rd5 (29... Qxh4 30. Bc3 e3 31. fxe3 fxe3 32. Bxd4 Rxd4 33. Rxd4 Qxd4 34. Nd3 $11) (29... b5 $1 $19 30. cxb6 axb6) 30. b4 $2 (30. Bxf4 $15 Qxh4 31. e3 Rxc5 32. Qf1 Rxc1 33. Rxc1) 30... Rad8 (30... Qxh4 $2 31. Bxf4 Qxf4 32. e3 $19) (30... e3 $142 31. h5 (31. fxe3 $2 fxe3 32. Rc3 exd2 $19) 31... Rxh5 32. Bxe3 fxe3 33. Rxd4 exf2+ 34. Kxf2 Bxd4+ 35. Qxd4 Rd8) 31. h5 $2 (31. Bxf4 Qxh4 32. e3 Nf3+ 33. Bxf3 exf3 34. Rxd5 Rxd5 35. Bd6 (35. Bg3 $2 Qxc4 36. Rxc4 Rd1 $19) 35... Qxc4 36. Rxc4) 31... e3 (31... Qg5 $2 32. hxg6+ Kh6 33. Kf1 $19) 32. hxg6+ Kh8 33. fxe3 fxe3 34. Rc3 (34. Bc3 $2 Qh4 35. Rxd4 Qf2+ 36. Kh2 Rh5+ 37. Rh4 Rxh4+ 38. Qxh4+ Qxh4+) 34... Qh4 $2 (34... exd2 $2 35. Rh3+ Kg8 36. Rxd2 $19) (34... Re5 $19 {has better winning chances.} 35. Bc1 Nf3+ $1 36. Bxf3 (36. Nxf3 $2 Rxd1+ 37. Kh2 Re4 $19) 36... Rxd1) 35. Bxe3 $17 Nf3+ {[%emt 0:00:36][%mdl 64] Discovered Attack, Decoy} (35... Rh5 $2 36. Bf2 (36. Kf1 Nxb4 37. Bxd4 Rxd4 $16) 36... Qf6 37. Rd2 $18) 36. Bxf3 (36. exf3 $142 Qxc4 37. Rxc4 Rxd1 38. Kf2) 36... Qg3+ 37. Kf1 Rxd1 38. Bf2 Qh3+ (38... Qxg6 39. Qh4+ Qh7 40. Rc4 $15) 39. Kg1 Nc7 {[%emt 0:00:58] ...Bd4 is the strong threat.} 40. Re3 $2 (40. Rc1 $17) 40... Qh6 $2 (40... Bd4 $19 41. g7+ Kxg7 42. Re7+ Kh8 43. Bxd4+ R8xd4) 41. Re4 $1 $11 (41. Qh4 $2 Qxh4 42. Bxh4 Bd4 $19) 41... Qxg6+ 42. Rg4 Qe6 43. Qf4 Nd5 ({Black should try} 43... Be5 $11 44. Qg5 R8d7) 44. Qg5 $2 {[%emt 0:00:00] Really sharp!} (44. Qg3 $1 $16 {[%cal Rg3h4] Threatens to win with Qh4+.} Qe7 45. Qh3+ (45. e4 Nf6 $18) 45... Kg8 46. e4 (46. Be4 $2 Nf6 $19) 46... Rxe1+ 47. Bxe1) 44... Rg8 {[%emt 0:00:00] [#]} (44... Qf6 $11 45. Qh5+ Qh6 46. Qxh6+ Bxh6) 45. Qh4+ $1 $16 ({Much worse is} 45. e4 Rxe1+ 46. Kg2 Ne3+ 47. Bxe3 Rxe3 48. Qxe3 Be5 $11) 45... Qh6 46. e4 $40 {[%emt 0:00:00][%csl LRd1,LRd5][%mdl 128] White has strong attack.} Rxe1+ 47. Bxe1 $18 Nf6 48. Qxh6+ Bxh6 49. Bc3 Rxg4+ 50. Bxg4 {[%emt 0:00:00][%mdl 4096] Endgame KBB-KBN} Bg7 51. Bc8 Nxe4 (51... b6 $142 52. cxb6 axb6) 52. Bxg7+ Kxg7 53. Bxb7 {[%emt 0:00:00] KB-KN} Nc3 {[%emt 0:00:02] [#]} 54. a3 ({Weaker is} 54. Bxc6 Nxa2 55. b5 Nb4 $16) 54... Nb5 $2 (54... Kf6 55. Bxc6 Ke5) 55. Bxc6 Nxa3 56. b5 {[%emt 0:00:41][%cal Bb4b5,Bb5b6,Bb6b7][%mdl 32] White mates.} Nc4 57. Bd5 Ne3 {[%emt 0:03:34] [#]} 58. b6 $1 Nxd5 (58... axb6 59. cxb6) 59. b7 {[%emt 0:00:05] Never resign too early!  Weighted Error Value: White=0.36/Black=0.68} ({And not} 59. bxa7 Nc7 $11) 1-0

[Event "FIDE WY-U16 Olympiad 2022"]
[Site "Nakhchivan"]
[Date "2022.10.04"]
[Round "3.3"]
[White "Iunusov, Nuriddin"]
[Black "Schnell, Sebastian Narayana"]
[Result "1/2-1/2"]
[ECO "B12"]
[WhiteElo "1940"]
[BlackElo "1847"]
[Annotator "TA"]
[PlyCount "64"]
[EventDate "2022.10.02"]
[EventType "team-tourn"]
[EventCountry "AZE"]
[SourceTitle "playchess.com"]
[Source "ChessBase"]
[SourceQuality "1"]
[WhiteTeam "Kyrgyzstan"]
[BlackTeam "Panama"]
[WhiteTeamCountry "KGZ"]
[BlackTeamCountry "PAN"]
[TimeControl "40/5400+30:1800+30"]

1. e4 c6 2. d4 d5 3. f3 Qb6 4. Nc3 e5 5. Nge2 dxe4 6. Nxe4 {[%emt 0:05:57] [#] B12: Caro-Kann: Advance Variation.} Be6 $146 (6... Nf6) (6... Nf6 $15 {stays ahead.}) ({Predecessor:} 6... Nf6 7. Qd3 Na6 8. c3 Be6 9. Nxf6+ gxf6 10. Be3 O-O-O 11. Qc2 h5 12. Nc1 exd4 13. Bxd4 Rxd4 14. cxd4 {0-1 (20) Bose,P (2118)-Paichadze,L (2572) Dhaka 2017}) 7. dxe5 $16 Nd7 8. Nd6+ {[%emt 0:19:27] White is better.} Bxd6 9. exd6 ({Don't play} 9. Qxd6 $6 Ne7 $11) 9... O-O-O 10. Qd4 (10. b3 $16) 10... c5 $14 11. Qf2 Ngf6 {[%emt 0:03:28] White must now prevent ...Rhe8.} 12. Nc3 Rhe8 13. Be2 Bc4 14. O-O Bxe2 15. Nxe2 Qxd6 16. Nc3 Qc6 17. Be3 b6 18. a4 Nd5 19. Nxd5 Qxd5 20. Rfe1 (20. a5 $14 {should be considered.}) 20... Ne5 $11 21. b3 Nc6 22. Rab1 Nb4 23. Re2 {[%emt 0:01:04] [#]} (23. Rbc1 $11) 23... Qf5 (23... Nxc2 $1 $17 {[%cal Od5d1][%mdl 512] aiming for ...Qd1+!} 24. Rd2 (24. Rxc2 Qd1+ 25. Rxd1 Rxd1+ 26. Qf1 Rxf1+ 27. Kxf1 Rxe3 $17) 24... Qf5 25. Rxc2 {[#]} Rxe3 $1 26. Qxe3 Qxc2) 24. Rc1 Na2 25. Rce1 {[%emt 0:00:13] The position is equal.} Nc3 26. Rd2 Nd5 27. Rde2 Nxe3 28. Rxe3 Rxe3 29. Rxe3 Rd1+ 30. Re1 Qd5 31. Qe3 Qd4 32. Qxd4 Rxd4 {[%emt 0:00:13] Weighted Error Value: White=0.17 (very precise) /Black=0.19 (very precise)} 1/2-1/2

[Event "FIDE WY-U16 Olympiad 2022"]
[Site "Nakhchivan"]
[Date "2022.10.04"]
[Round "3.4"]
[White "Omonova, Umida"]
[Black "Aydin, Gulenay"]
[Result "1/2-1/2"]
[ECO "B52"]
[WhiteElo "2078"]
[BlackElo "2109"]
[Annotator "TA"]
[PlyCount "60"]
[EventDate "2022.10.02"]
[EventType "team-tourn"]
[EventCountry "AZE"]
[SourceTitle "playchess.com"]
[Source "ChessBase"]
[SourceQuality "1"]
[WhiteTeam "Uzbekistan"]
[BlackTeam "Turkey"]
[WhiteTeamCountry "UZB"]
[BlackTeamCountry "TUR"]
[TimeControl "40/5400+30:1800+30"]

1. e4 c5 2. Nf3 d6 3. Bb5+ Bd7 4. Bxd7+ Qxd7 5. O-O Nc6 6. Re1 Nf6 7. c3 e6 8. d4 cxd4 9. cxd4 d5 10. e5 Ne4 11. Nbd2 Nxd2 $1 {[%emt 0:00:06] B52: Sicilian: Moscow Variation with 3...Bd7.} ({Don't take} 11... Bb4 12. Nxe4 dxe4 13. Rxe4 $16) 12. Bxd2 Bb4 13. Rc1 {[%emt 0:06:11][%cal Oc1c6] [#] Hoping for Rxc6!} Bxd2 14. Qxd2 O-O 15. Rc3 Rfc8 16. Rec1 Ne7 {[%emt 0:01:35] [#]} 17. g3 $146 ({Predecessor:} 17. b3 h6 18. Ne1 Rxc3 19. Rxc3 Rc8 20. Nc2 Rc7 21. g3 Rxc3 22. Qxc3 {½-½ (22) Brkic,A (2593)-Saric,A (2541) Vinkovci 2020}) 17... h6 18. h4 Rxc3 (18... Rc7) 19. Rxc3 Rc8 20. Rxc8+ Qxc8 $11 {[%emt 0:00:41][%mdl 4096] Endgame KQN-KQN} 21. Qb4 Qc7 22. a3 Nc6 23. Qc3 Qb6 24. Kg2 Kf8 25. g4 Kg8 26. Qd2 {[%emt 0:03:15] The position is equal.} Qd8 27. b4 a6 28. h5 Qe7 29. Kg3 Qd8 30. Kg2 Qe7 {[%emt 0:06:51] An uneventful encounter.  Weighted Error Value: White=0.02 (flawless) /Black=0.02 (flawless)} 1/2-1/2

[Event "FIDE WY-U16 Olympiad 2022"]
[Site "Nakhchivan"]
[Date "2022.10.04"]
[Round "3.4"]
[White "Castillo Beitia, Ashley Alexandra"]
[Black "Berdibaeva, Edisa"]
[Result "0-1"]
[ECO "D15"]
[WhiteElo "1674"]
[BlackElo "1617"]
[Annotator "NA RC COMBH"]
[PlyCount "100"]
[EventDate "2022.10.02"]
[EventType "team-tourn"]
[EventCountry "AZE"]
[SourceTitle "playchess.com"]
[Source "ChessBase"]
[SourceQuality "1"]
[WhiteTeam "Panama"]
[BlackTeam "Kyrgyzstan"]
[WhiteTeamCountry "PAN"]
[BlackTeamCountry "KGZ"]
[TimeControl "40/5400+30:1800+30"]

1. d4 d5 2. c4 c6 3. Nc3 Nf6 4. Nf3 dxc4 5. e4 b5 6. Be2 e6 7. O-O Be7 8. b3 cxb3 9. e5 Nd5 10. Qxb3 Nxc3 11. Qxc3 a5 12. Be3 Ba6 13. Rac1 b4 14. Qb2 Bxe2 15. Qxe2 O-O 16. Nd2 Qd5 17. Nc4 Nd7 18. Rfd1 Qb5 19. Rd3 Rfc8 20. Bd2 c5 21. Qg4 cxd4 22. Qxd4 Rxc4 23. Rxc4 Nxe5 24. Qe4 Rf8 25. Rcd4 Nxd3 26. Rxd3 Qa4 27. Rg3 Bf6 28. Rh3 g6 29. g4 Bg7 30. g5 Qd1+ 31. Be1 Rc8 32. Rd3 Qh5 33. h4 h6 34. Bd2 hxg5 35. Bxg5 Bh6 36. Qb7 Rf8 37. Qe7 Bxg5 38. hxg5 Qg4+ 39. Rg3 Qd1+ 40. Kg2 Qd8 41. Qa7 Qa8+ 42. Qxa8 Rxa8 43. Rb3 Rc8 44. Rb2 Rc5 45. f4 e5 46. Kf3 exf4 47. Kxf4 f6 48. gxf6 Kf7 49. Rb3 Kxf6 50. a3 Rc3 0-1

[Event "FIDE WY-U16 Olympiad 2022"]
[Site "Nakhchivan"]
[Date "2022.10.04"]
[Round "3.5"]
[White "Pranav Vijay"]
[Black "Sapenov, Daniyal"]
[Result "1/2-1/2"]
[ECO "C78"]
[WhiteElo "2265"]
[BlackElo "2323"]
[Annotator "TA"]
[PlyCount "80"]
[EventDate "2022.10.02"]
[EventType "team-tourn"]
[EventCountry "AZE"]
[SourceTitle "playchess.com"]
[Source "ChessBase"]
[SourceQuality "1"]
[WhiteTeam "India"]
[BlackTeam "Kazakhstan"]
[WhiteTeamCountry "IND"]
[BlackTeamCountry "KAZ"]
[TimeControl "40/5400+30:1800+30"]

1. e4 e5 2. Nf3 Nc6 3. Bb5 a6 4. Ba4 Nf6 5. O-O b5 6. Bb3 Bc5 7. c3 d6 8. d3 h6 9. h3 O-O 10. Nbd2 Re8 11. Re1 Be6 {[%emt 0:00:24] [#] C78: Ruy Lopez: Archangelsk and Möller Defences.} 12. Nh4 $146 {[%emt 0:07:45] [#]} (12. Bxe6 $11 fxe6 13. b4) ({Predecessor:} 12. Bc2 d5 13. exd5 Bxd5 14. b4 Bf8 15. a4 g6 16. Qe2 Bg7 17. Ne4 Nxe4 18. dxe4 Bc4 19. Qe3 {0-1 (61) Caruana,F (2828)-Harikrishna,P (2726) Saint Louis 2019}) 12... Ng4 $1 $17 13. hxg4 {[%emt 0:33:39] Nf5 is the strong threat.} Qxh4 14. Qe2 Bxg4 15. Nf3 Qh5 16. Be3 Ne7 {[%emt 0:04:26] Hoping for ...Ng6.} 17. Bd1 Bxf3 18. Qxf3 Qxf3 19. gxf3 Bxe3 20. fxe3 g5 21. Kf2 Ng6 22. Rh1 Kg7 23. Bb3 Rab8 24. Rh5 c6 25. Rah1 Rh8 26. Kg3 a5 27. a3 Rbf8 28. Bc2 a4 29. d4 Rb8 30. Rd1 Rhd8 31. Rdh1 Rh8 32. Rd1 $1 Rbd8 ({Black should play} 32... Nh4 {White must now prevent ...Kg6.} 33. dxe5 Kg6) 33. Bd3 (33. Rh2 $142) 33... Ne7 (33... Nh4 $142 34. Be2 f5 35. exf5 Nxf5+ 36. Kf2 Rhf8) 34. Rdh1 Rb8 35. Rd1 Rhd8 36. Rdh1 Rh8 (36... Ng8 $5 ) 37. Rd1 $1 c5 ({Black should try} 37... f6 $17 38. Bc2 Rbd8) 38. dxe5 (38. dxc5 $11 dxc5 39. f4) 38... dxe5 39. Bf1 {[%emt 0:00:02] [#]} (39. f4 $15) 39... c4 (39... Ng8 $1 $17 {Strongly threatening ...Rb6.} 40. Rh2 Nf6) 40. Rd7 (40. Rh2 $11) 40... Ng8 {[%emt 0:00:22] Weighted Error Value: White=0.20 (precise) /Black=0.28 (precise)} 1/2-1/2

[Event "FIDE WY-U16 Olympiad 2022"]
[Site "Nakhchivan"]
[Date "2022.10.04"]
[Round "3.5"]
[White "Davudov, Tunar"]
[Black "Anand, Batsukh"]
[Result "1-0"]
[ECO "B46"]
[WhiteElo "2043"]
[BlackElo "2202"]
[Annotator "TA"]
[PlyCount "109"]
[EventDate "2022.10.02"]
[EventType "team-tourn"]
[EventCountry "AZE"]
[SourceTitle "playchess.com"]
[Source "ChessBase"]
[SourceQuality "1"]
[WhiteTeam "Azerbaijan"]
[BlackTeam "Mongolia"]
[WhiteTeamCountry "AZE"]
[BlackTeamCountry "MGL"]
[TimeControl "40/5400+30:1800+30"]

1. e4 c5 2. Nf3 e6 3. d4 cxd4 4. Nxd4 Nc6 5. Nc3 a6 6. Be3 Nf6 7. f3 {[%emt 0:02:29] [#] 7.a3 is setting a new trend. B46: Sicilian: Taimanov: 5 Nc3 a6.} e5 $146 ({Predecessor:} 7... d5 8. exd5 Nxd5 9. Nxc6 bxc6 10. Nxd5 cxd5 11. Bd3 Qh4+ 12. g3 Qb4+ 13. Qd2 Qxd2+ 14. Kxd2 Bd6 {½-½ (59) Savchenko,B (2607)-Grachev,B (2628) Moscow 2016}) 8. Nde2 d6 9. Qd2 {[%emt 0:08:08] White is slightly better.} Be6 10. O-O-O b5 11. g4 Qa5 {[%emt 0:09:27] Hoping for ...b4.} 12. Kb1 Rc8 13. h4 Ne7 14. g5 ({Inferior is} 14. Qxd6 Ned5 $1 15. exd5 Bxd6 $15) 14... Nd7 15. Bh3 ({Don't play} 15. Qxd6 $6 b4 16. Bh3 Nf5 17. exf5 Bxd6 18. fxe6 fxe6 $14) 15... Nc6 (15... Bxh3 $16 16. Rxh3 Qc7) 16. Nc1 Nb6 17. Nb3 Nc4 18. Nxa5 Nxd2+ 19. Bxd2 Nxa5 {[%emt 0:00:10] [#]} 20. Nxb5 $1 axb5 (20... Bxh3 21. Rxh3) 21. Bxe6 fxe6 22. Bxa5 Be7 23. Bb4 Kd7 24. Rd3 Rhf8 25. b3 Kc6 26. Kb2 {[%emt 0:01:08] White is more active.} Rc7 (26... Kd7 $16 {might work better.} 27. Rhd1 Rc6) 27. Rhd1 $18 Rd7 28. a4 bxa4 29. bxa4 Rf4 30. Kb3 (30. Rc3+ $18 Kb7 31. Rcd3) 30... Rxh4 $16 31. a5 (31. Rc3+ $142 Kb7 32. Rcd3) 31... Rh3 $2 {[%emt 0:01:51] [#] This costs Black the game.} (31... d5 $16) 32. Ka4 $1 $18 {[%emt 0:01:23] And now Rb1 would win.} h5 $2 (32... Rh2 33. Rc3+ Kb7) 33. gxh6 Rxh6 34. Rc3+ Kb7 35. Kb5 Rh8 36. Rc6 Rhd8 $2 (36... d5 37. Rxe6 Bxb4) 37. a6+ Ka8 38. Ba5 Rb8+ 39. Bb6 d5 40. Rxe6 d4 41. Kc6 Rd6+ 42. Rxd6 {[%emt 0:00:00] White mates.} Bxd6 {[%emt 0:00:02] KRB-KRB} 43. a7 Rb7 44. Rh1 Bf8 45. Rh8 Rf7 46. Bc5 Rxf3 47. Rxf8+ Rxf8 48. Bxf8 {[%emt 0:00:00] KB-K3P} g5 49. Bd6 g4 50. Bxe5 Kxa7 51. Bxd4+ Ka6 52. e5 g3 53. e6 g2 54. e7 g1=R 55. Bxg1 {[%emt 0:00:00] Weighted Error Value: White=0.12 (very precise) /Black=0.43} 1-0

[Event "FIDE WY-U16 Olympiad 2022"]
[Site "Nakhchivan"]
[Date "2022.10.04"]
[Round "3.6"]
[White "Kairbekova, Amina"]
[Black "Pranesh M"]
[Result "0-1"]
[ECO "C79"]
[WhiteElo "2231"]
[BlackElo "2442"]
[Annotator "TA"]
[PlyCount "98"]
[EventDate "2022.10.02"]
[EventType "team-tourn"]
[EventCountry "AZE"]
[SourceTitle "playchess.com"]
[Source "ChessBase"]
[SourceQuality "1"]
[WhiteTeam "Kazakhstan"]
[BlackTeam "India"]
[WhiteTeamCountry "KAZ"]
[BlackTeamCountry "IND"]
[TimeControl "40/5400+30:1800+30"]

1. e4 e5 2. Nf3 Nc6 3. Bb5 a6 4. Ba4 Nf6 5. O-O d6 6. d3 g6 7. c3 Bg7 8. Re1 O-O 9. h3 b5 {[%emt 0:03:14] C77: Ruy Lopez: 3...a6 4 Ba4 Nf6, unusual lines.} 10. Bc2 Nh5 11. d4 Bb7 {[%emt 0:01:37] [#] White has an edge.} 12. a4 $146 ({Predecessor:} 12. Bg5 Qd7 13. Qd2 Rae8 14. a4 f6 15. Be3 f5 16. axb5 axb5 17. dxe5 Nxe5 18. Nxe5 Bxe5 19. exf5 gxf5 {0-1 (28) Bitensky,I (2363)-Mikhalevski,A (2439) Tel Aviv 2001}) 12... exd4 13. cxd4 Nb4 14. Bg5 Qc8 15. Bb3 h6 16. Nh4 {[%emt 0:04:03] Threatens to win with Nxg6.} Kh7 (16... hxg5 17. Nxg6 Re8 18. Qxh5 $11) 17. Be7 (17. Be3 $15 {might be stronger.}) 17... Re8 $1 $17 18. Bxf7 Nf4 (18... Rxe7 $2 19. Bxg6+ Kh8 20. Bxh5 Rxe4 21. Rxe4 Bxe4 22. Qe1 Bxb1 23. Rxb1 $18 (23. Qxb4 Qd8 $16)) 19. Bg5 hxg5 {[%emt 0:01:15] Active counter play!} 20. Nxg6 Rf8 (20... Bxe4 $2 21. Rxe4 Qf5 22. Rxe8 $18) 21. Nxf8+ (21. Nxf4 $17 Rxf7 22. Nh5) 21... Qxf8 $19 (21... Bxf8 22. axb5 Qd7 23. Bc4 $14) 22. Bb3 Nbd3 23. Re3 Bxd4 {[%emt 0:10:31] This bishop pair is nice.} 24. Nc3 b4 {[%emt 0:07:31] Really sharp!} (24... Kh6 $142 25. Qd2 Nc5) 25. Nd5 Bxe3 ({Not} 25... Bxb2 26. Rb1 Nxf2 27. Qd2 $17) 26. fxe3 {[%emt 0:02:41] [#]} Nxd5 ({Inferior is} 26... Nxb2 27. Qc2 Bxd5 28. Bxd5 Nxd5 29. exd5+ Kh6 30. Qxb2 $15) (26... Nxh3+ $142 $1 27. gxh3 Qf2+ 28. Kh1 Qh4 $1) 27. Qxd3 $17 {[%emt 0:01:35] [#]} Nf6 28. e5+ {[%emt 0:01:41] [#]} Be4 $1 29. Qc4 dxe5 {[%emt 0:00:39] Strongly threatening ...Qd6.} 30. Qxc7+ (30. Rf1 $17 {only move.} Kh6 31. Rxf6+ Qxf6 32. Qxe4) 30... Qg7 $19 31. Qxe5 Re8 32. Qd6 Qe7 33. Qxa6 Bb7 (33... Qe5 $142 34. Qe2 Kg7) 34. Qd3+ Kg7 35. Re1 Qe5 36. e4 $2 (36. Qb5 $17 {was called for.} Ba8 37. Qxe5 Rxe5 38. Bd1) 36... Qc5+ $2 $40 {[%emt 0:03:52][%mdl 128] Black has strong attack.} ({But not} 36... Bxe4 $2 37. Qd2) (36... Qxb2 $19 {has better winning chances.} 37. Qb5 Qxb3 38. Qxb7+ Kg6) 37. Kh1 $2 (37. Qe3 $17 Qxe3+ 38. Rxe3) 37... Bxe4 38. Qd2 g4 {[%emt 0:01:30][%cal Bg5g4,Bg4g3][%mdl 32] And now ...gxh3 would win.} 39. Rc1 Qe5 {[%emt 0:00:12] ...gxh3 is the strong threat.} 40. h4 Rh8 41. Qf2 Kg6 {[%emt 0:31:44] ( -> ...g3)} 42. Kg1 g3 43. Qa7 Rh7 44. Qe3 Rxh4 {[%emt 0:00:22] Black mates.} 45. Bc2 Nd5 46. Bxe4+ Rxe4 47. Rc6+ Nf6 48. Qd3 Qd4+ 49. Qxd4 Re1# {[%emt 0:00:04] Weighted Error Value: White=0.74/Black=0.47} 0-1

[Event "FIDE WY-U16 Olympiad 2022"]
[Site "Nakhchivan"]
[Date "2022.10.04"]
[Round "3.6"]
[White "Tenuunbold, Battulga"]
[Black "Israilov, Agil"]
[Result "0-1"]
[ECO "E94"]
[WhiteElo "2128"]
[BlackElo "1883"]
[Annotator "TA"]
[PlyCount "92"]
[EventDate "2022.10.02"]
[EventType "team-tourn"]
[EventCountry "AZE"]
[SourceTitle "playchess.com"]
[Source "ChessBase"]
[SourceQuality "1"]
[WhiteTeam "Mongolia"]
[BlackTeam "Azerbaijan"]
[WhiteTeamCountry "MGL"]
[BlackTeamCountry "AZE"]
[TimeControl "40/5400+30:1800+30"]

1. d4 Nf6 2. c4 g6 3. Nc3 Bg7 4. e4 d6 5. Be2 O-O 6. Nf3 e5 7. O-O Bg4 8. Be3 {[%emt 0:01:53] E94: King's Indian: Classical: 6 Be2 e5 7 0-0: Various Black 7th moves.} Bxf3 9. Bxf3 ({Much weaker is} 9. gxf3 Nh5 $15) 9... exd4 $1 10. Bxd4 {[%emt 0:00:07] The position is equal.} Nc6 11. Be3 Re8 12. Qc2 Nd7 13. Rad1 Bxc3 14. Qxc3 Qf6 15. Qb3 Rab8 {[%emt 0:12:23] [#]} 16. Rfe1 $146 ({Predecessor:} 16. Rd5 Nb6 17. Bxb6 axb6 18. Rfd1 Re7 19. a3 Rbe8 20. Qc2 Nd8 21. Re1 Ne6 22. Bd1 {0-1 (35) Sernecki,F (2250)-Cabarkapa,N (2428) Ustron 2022}) 16... Nc5 17. Qc2 Re6 18. Qb1 (18. e5 {keeps more tension.} Nxe5 19. Bd5 Re7 20. b4) 18... Rbe8 19. Bxc5 dxc5 20. Bg4 Rd6 21. Bd7 Rd8 22. Bxc6 Rd2 23. Rxd2 Rxd2 24. Rf1 Qxc6 $17 {[%emt 0:01:52][%mdl 4096] Endgame KQR-KQR. Black has more active pieces.} 25. b4 (25. e5 $17) 25... cxb4 $19 26. Qxb4 Rxa2 27. Rd1 Qf6 {[%emt 0:01:41] Inhibits Rd8+.} 28. Qe1 Qe5 29. g3 a5 30. Kg2 (30. Rd5 $17 Ra1 31. Rxe5 Rxe1+ 32. Kg2) 30... c6 31. Rd7 Rb2 {[%emt 0:00:22] aiming for ...a4.} 32. Qe3 Kg7 (32... a4 $142 $1 {...Rb3 is the strong threat.} 33. Qf3 Qe8) 33. Qf3 $17 {[%emt 0:01:23] Prevents Rb3.} Qf6 34. Qe3 Rb4 35. h4 h5 36. Kh2 Rb2 37. Kg2 {[%emt 0:00:05] Threatens to win with e5.} Rb4 38. Kh2 $1 Qe5 ({Black should try} 38... Rxc4 $17 {White must now prevent ...b5.} 39. e5 Qe6 40. Rxb7 Rb4) 39. Qf3 $11 Qe6 (39... Qe8 $11 40. Qc3+ Kh7) 40. Qc3+ $17 Qf6 41. Qe3 Rb2 (41... Rxc4 $142 42. e5 Qe6 43. Rxb7 Rb4) 42. Kg2 a4 $2 (42... Rb1 $17 {And now ...a4 would win.} 43. Kh2 c5) 43. e5 $14 Qe6 {[%emt 0:01:40][%csl LRc4,LRd7] [#]} 44. Rd6 Qxc4 {[%emt 0:00:34][%mdl 8192] [#]} (44... Rb3 $1 $11 {and Black has nothing to worry.} 45. Qe1 Qf5) 45. e6 $4 (45. Qf3 $1 $18 {[%cal Rf3f6] was the only winning move. Hoping for Qf6+.} Rxf2+ 46. Qxf2 Qe4+ 47. Kh2 Qxe5 48. Rd7) 45... Re2 46. Qa3 (46. Rd4 Rxe3 47. Rxc4 Rxe6 48. Rxa4) 46... Qe4+ {[%emt 0:00:07] What a bad dream for White.  Weighted Error Value: White=0.34/Black=0.34} 0-1